 Dungeon Crawl Stone Soup version 0.31.0-4-g52a2dc7128 (webtiles) character file.

Game seed: 13247075389265947857

1486 croobank the Ruffian (level 8, -2/57 (61) HPs)
             Began as a Gnoll Shapeshifter on Jan 21, 2024.
             Was an Initiate of Gozag.
             Shot with an arrow by a centaur (4 damage)
             ... on level 8 of the Dungeon.
             The game lasted 00:18:35 (4952 turns).

croobank the Ruffian (Gnoll Shapeshifter)           Turns: 4952, Time: 00:18:35

HP:   -2/57 (61)    AC:  6    Str: 14    XL:     8   Next: 80%
MP:   21/22         EV: 13    Int: 12    God:    Gozag
Gold: 113           SH:  4    Dex: 11    Spells: 12/14 levels left

rFire   . . .        w - +3 short sword (speed)
rCold   + . .        k - +0 buckler
rNeg    . . .        u - +3 leather armour {rC+}
rPois   +            r - melded +0 helmet
rElec   .            (cloak currently unavailable)
rCorr   .            e - melded +0 pair of gloves
SInv    .            (boots currently unavailable)
Will    +....        (no amulet)
Stlth   ++           b - ring of magical power
HPRegen 0.29/turn    v - ring of poison resistance
MPRegen 0.18/turn

%: no passive effects
@: beast-form, gold aura, on blink cooldown, enlightened, flying, drained
A: beast (slay +4), fangs 1, strong nose, distributed training
a: Begin Untransformation, Renounce Religion, Potion Petition, Call Merchant,
Bribe Branch


You were on level 8 of the Dungeon.
You worshipped Gozag.
Gozag was aware of your devotion.
You were a hulking beast.
You visited 2 branches of the dungeon, and saw 9 of its levels.

You collected 537 gold pieces.
You paid 424 gold pieces to Gozag.

Inventory:

Hand Weapons
 f - a +0 long sword
 g - a +0 dagger
 h - a +0 war axe
 j - a +0 scimitar
 w - a +3 short sword of speed (weapon)
Missiles
 y - 8 poisoned darts
Armour
 e - a +0 pair of gloves (melded)
 k - a +0 buckler (worn)
 m - an orb of wrath
 r - a +0 helmet (melded)
 u - a +3 leather armour of cold resistance (worn)
Jewellery
 b - a ring of magical power (left hand)
 o - a +6 ring of intelligence
 v - a ring of poison resistance (right hand)
Talismans
 c - a beast talisman (active)
 d - a flux talisman
Scrolls
 l - 2 scrolls of noise
Potions
 a - a potion of magic
 i - a potion of attraction
 n - a potion of brilliance


   Skills:
 + Level 4.6 Fighting
 + Level 3.7 Short Blades
 + Level 3.7 Long Blades
 + Level 3.7 Axes
 + Level 3.7 Maces & Flails
 + Level 3.7 Polearms
 + Level 3.7 Staves
 + Level 3.7 Ranged Weapons
 + Level 3.7 Throwing
 + Level 3.7 Armour
 + Level 6.0 Dodging
 + Level 3.7 Stealth
 + Level 3.7 Shields
 + Level 7.6 Unarmed Combat
 + Level 3.7 Spellcasting
 + Level 3.0 Conjurations
 + Level 3.0 Hexes
 + Level 3.0 Summonings
 + Level 3.0 Necromancy
 + Level 3.0 Translocations
 + Level 3.0 Fire Magic
 + Level 3.0 Ice Magic
 + Level 3.0 Air Magic
 + Level 3.0 Earth Magic
 + Level 3.0 Alchemy
 + Level 4.1 Invocations
 + Level 3.7 Evocations
 + Level 7.4 Shapeshifting


You had 12 spell levels left.
You knew the following spells:

 Your Spells              Type           Power      Damage    Failure   Level
B - Blink                 Tloc           18%        N/A       16%         2

Your spell library contained the following spells:

 Spells                   Type           Power      Damage    Failure   Level
 Jinxbite                 Hex            18%        N/A       16%         2
 Lesser Beckoning         Tloc           18%        N/A       16%         2
 Momentum Strike          Conj/Tloc      18%        3d8       16%         2
 Yara's Violent Unravell  Hex/Alch       4%         3d4       96%         5
 Enfeeble                 Hex            4%         N/A       100%        7


Dungeon Overview and Level Annotations

Branches:
Dungeon (8/15)             Temple (1/1) D:4
   Lair: D:8-11

Altars:
Cheibriados
Elyvilon
Fedhas
Gozag
Hepliaklqana
Kikubaaqudgha
Makhleb
Qazlal
Ru
Sif Muna
Trog
Vehumet
Wu Jian
Xom
Yredelemnul
Zin
The Shining One

Shops:
D:6 [

Annotations:
D:2 !Terrance w/distortion, Terence
D:5 exclusion: downstairs
D:6 !troll


Innate Abilities, Weirdness & Mutations

You are a hulking beast.
Your limbs bulge with bestial killing power. (Slay +4)
You have very sharp teeth.
Your uncanny sense of smell can sniff out nearby items.
Your experience applies equally to all skills.


Message History

You puncture the kobold!
You kill the kobold!
Things that are here:
5 gold pieces; a +0 short sword; 3 stones
Okay, then.
Okay, then.
Casting: Blink (safe; 16% risk of failure)
Confirm with . or Enter, or press ? or * to list all spells.
You blink.
An orc and a centaur come into view.
The orc shouts!
The kobold brigand misses you.
The kobold throws a stone.
The stone misses you. You block the kobold's attack.
Okay, then.
Okay, then.
Okay, then.
The centaur wields a +0 shortbow.
The centaur shoots an arrow.
The arrow hits you.
* * * LOW HITPOINT WARNING * * *
The ice beast closely misses you.
The kobold brigand is distracted by your dazzling golden aura.
The kobold attacks as it pursues you! The kobold closely misses you.
The kobold brigand shouts!
The centaur shoots an arrow.
The arrow hits you!
* * * LOW HITPOINT WARNING * * *
The kobold is distracted by your dazzling golden aura.
The ice beast is distracted by your dazzling golden aura.
The centaur is distracted by your dazzling golden aura.
The kobold shouts!
The centaur shouts!
You hear an angry buzzing noise.
The centaur is no longer distracted by gold.
The centaur shoots an arrow.
The arrow hits you.
* * * LOW HITPOINT WARNING * * *
Okay, then.
Okay, then.
The kobold is distracted by your dazzling golden aura.
The kobold brigand is no longer distracted by gold.
The centaur shoots an arrow.
The arrow hits you.
You die...
Your body crumbles into a pile of gold.

#..o...... #......#
#.....# ###
##########.KYo.##....
.......$SKK.._.......
##########.##Kc......
#.K...#.####
#..........
#.h...#.### #..##...#
#.## #### ##


You could see a kobold brigand, a centaur, an orc and 3 kobolds.

Vanquished Creatures
  An orc warrior (D:6)
  2 ice beasts
  A centaur (D:7)
  2 phantoms (D:6)
  2 scorpions
  8 wights (D:6)
  A howler monkey (D:5)
  A hound (D:5)
  An orc priest (D:3)
  A gnoll bouda (D:6)
  2 iguanas (D:4)
  A sleepcap (D:4)
  3 orc wizards
  6 adders
  4 gnolls
  A white imp (D:6)
  2 ufetubi (D:5)
  A dart slug (D:1)
  21 orcs
  3 endoplasms
  A giant cockroach (D:2)
  2 goblins (D:1)
  4 hobgoblins
  3 ball pythons
  2 frilled lizards (D:1)
  4 kobolds
  2 rats
82 creatures vanquished.

Notes
Turn   | Place    | Note
-------+----------+-------------------------------------------
     0 | D:1      | croobank the Gnoll Shapeshifter began the quest for the
                  | Orb.
     0 | D:1      | Reached XP level 1. HP: 17/17 MP: 1/1
   199 | D:1      | Reached XP level 2. HP: 18/23 MP: 2/2
   666 | D:2      | Reached XP level 3. HP: 28/28 MP: 3/3
   684 | D:2      | Reached skill level 1 in Invocations
   785 | D:2      | Noticed Terence
   830 | D:2      | You fall into a shaft and drop 1 floor!
   896 | D:3      | Found a faded altar of an unknown god.
   998 | D:3      | Reached skill level 1 in Short Blades
   998 | D:3      | Reached skill level 1 in Long Blades
   998 | D:3      | Reached skill level 1 in Axes
   998 | D:3      | Reached skill level 1 in Maces & Flails
   998 | D:3      | Reached skill level 1 in Polearms
   998 | D:3      | Reached skill level 1 in Staves
   998 | D:3      | Reached skill level 1 in Ranged Weapons
   998 | D:3      | Reached skill level 1 in Throwing
   998 | D:3      | Reached skill level 1 in Armour
   998 | D:3      | Reached skill level 1 in Stealth
   998 | D:3      | Reached skill level 1 in Shields
   998 | D:3      | Reached skill level 1 in Spellcasting
   998 | D:3      | Reached skill level 1 in Evocations
  1220 | D:3      | Reached skill level 1 in Conjurations
  1220 | D:3      | Reached skill level 1 in Hexes
  1220 | D:3      | Reached skill level 1 in Summonings
  1220 | D:3      | Reached skill level 1 in Necromancy
  1220 | D:3      | Reached skill level 1 in Translocations
  1220 | D:3      | Reached skill level 1 in Fire Magic
  1220 | D:3      | Reached skill level 1 in Ice Magic
  1220 | D:3      | Reached skill level 1 in Air Magic
  1220 | D:3      | Reached skill level 1 in Earth Magic
  1220 | D:3      | Reached skill level 1 in Alchemy
  1220 | D:3      | Reached XP level 4. HP: 4/34 MP: 5/5
  1527 | D:3      | Learned a level 2 spell: Blink
  1587 | D:3      | Reached XP level 5. HP: 40/40 MP: 7/7
  1964 | D:4      | Found a staircase to the Ecumenical Temple.
  1975 | Temple   | Entered the Ecumenical Temple
  1991 | Temple   | Became a worshipper of Gozag Ym Sagoz the Greedy
  2242 | D:4      | Found a white marble altar of Elyvilon.
  2369 | D:4      | Found a radiant altar of Vehumet.
  2494 | D:5      | Entered Level 5 of the Dungeon
  2566 | D:5      | Reached XP level 6. HP: 24/47 MP: 8/8
  2665 | D:5      | Reached skill level 5 in Dodging
  3043 | D:5      | Found a basalt altar of Yredelemnul.
  3256 | D:6      | Noticed an ice beast
  3265 | D:6      | Killed an ice beast
  3266 | D:6      | Reached XP level 7. HP: 44/52 MP: 10/10
  3457 | D:6      | Noticed a troll
  3462 | D:6      | HP: 2/51 [troll (4)]
  3815 | D:6      | Found a burning altar of Makhleb.
  3816 | D:6      | Found a hazy altar of Hepliaklqana.
  3817 | D:6      | Found a bloodstained altar of Trog.
  4122 | D:6      | Noticed a troll
  4330 | D:6      | Found Refreyt's Antique Armour Emporium.
  4455 | D:6      | Reached XP level 8. HP: 47/60 MP: 12/12
  4942 | D:8      | Found a shimmering blue altar of Sif Muna.
  4950 | D:8      | HP: 1/57 [centaur/arrow (3)]
  4952 | D:8      | Shot with an arrow by a centaur

Illustrated notes

Levels and vault maps discovered:
D:1:      lordsloth_arrival_two_stooges, layout_rooms
D:2:      layout_rooms, roderic_lattice_a, chequers_serial_rivers_small_3,
          nicolae_twisty_statue_hallways, uniq_terence
D:3:      wander_river, layout_rooms, ebering_ecumenical_altar_abandoned
D:4:      layout_loops_ring, mainiacjoe_overflow_brackets,
          overflow_temple_1_default, minmay_temple_entry_glassed_door
D:5:      layout_cave_pools, kennysheep_mini_moat
D:6:      layout_basic, chequers_temple_overflow_statue_of_worship,
          serial_shops, shop, grunt_ministairs_9
D:7:      layout_rooms, mainiacjoe_overflow_two_lobes, lightli_minifort
D:8:      layout_rooms, overflow_temple_1_default, overflow_temple_1_default,
          lair_entry_dummy
Temple:   eino_wide_crystal_templ

Skill      XL: |  1  2  3  4  5  6  7  8 |
---------------+-------------------------+-----
Invocations    | 1 2 3 4 |  4.1
Short Blades   | 1 2 3 |  3.7
Long Blades    | 1 2 3 |  3.7
Axes           | 1 2 3 |  3.7
Maces & Flails | 1 2 3 |  3.7
Polearms       | 1 2 3 |  3.7
Staves         | 1 2 3 |  3.7
Ranged Weapons | 1 2 3 |  3.7
Throwing       | 1 2 3 |  3.7
Armour         | 1 2 3 |  3.7
Stealth        | 1 2 3 |  3.7
Shields        | 1 2 3 |  3.7
Spellcasting   | 1 2 3 |  3.7
Evocations     | 1 2 3 |  3.7
Conjurations   | 1 2 3 |  3.0
Hexes          | 1 2 3 |  3.0
Summonings     | 1 2 3 |  3.0
Necromancy     | 1 2 3 |  3.0
Translocations | 1 2 3 |  3.0
Fire Magic     | 1 2 3 |  3.0
Ice Magic      | 1 2 3 |  3.0
Air Magic      | 1 2 3 |  3.0
Earth Magic    | 1 2 3 |  3.0
Alchemy        | 1 2 3 |  3.0
Fighting       | 3 4 |  4.6
Dodging        | 5 6 |  6.0
Unarmed Combat | 7 |  7.6
Shapeshifting  | 7 |  7.4

Action                     |  1- 3 |  4- 6 |  7- 9 || total
---------------------------+-------+-------+-------++-------
  Melee: Unarmed           |    56 |    35 |     3 ||    94
         Bite              |     1 |    16 |    16 ||    33
         Short sword       |       |   100 |   131 ||   231
   Cast: Blink             |       |       |     1 ||     1
 Invoke: Potion Petition   |       |       |     1 ||     1
  Evoke: Wand              |     2 |    12 |       ||    14
    Use: Scroll            |     4 |     2 |     8 ||    14
         Potion            |     1 |       |     3 ||     4
   Stab: Sleeping          |     2 |     1 |     1 ||     4
         Distracted        |       |     1 |       ||     1
 Armour: Animal skin       |    22 |       |       ||    22
         Skin              |     2 |     1 |     6 ||     9
         Leather armour    |       |    66 |    63 ||   129
  Dodge: Dodged            |    27 |    75 |    61 ||   163
  Block: Buckler           |     4 |    29 |    29 ||    62
   Form: Beast             |     2 |       |     1 ||     3
                           |     1 |     1 |       ||     2
         Flux              |       |       |     1 ||     1
